 Dungeon Crawl Stone Soup version 0.18-a0-1542-g9c1a92e (webtiles) character file.

1940 Oddball22 the Tainter (level 8, 0/52 HPs)
             Began as a Demonspawn Venom Mage on Mar 9, 2016.
             Was a Follower of Sif Muna.
             Slain by a green ugly thing (16 damage)
             ... on level 6 of the Dungeon on Mar 10, 2016.
             The game lasted 00:18:34 (5611 turns).

Oddball22 the Tainter (Demonspawn Venom Mage)       Turns: 5611, Time: 00:18:34

Health: 0/52       AC:  7    Str:  9    XL:     8   Next: 98%
Magic:  16/16      EV: 12    Int: 19    God:    Sif Muna [*.....]
Gold:   297        SH:  0    Dex: 13    Spells: 5 memorised, 2 levels left

rFire  + . .     SeeInvis +     v - +2 dagger (elec)
rCold  + . .     Gourm    .     y - +1 robe {rC+ rF+}
rNeg   . . .     Faith    .     (no shield)
rPois  .         Spirit   .     (no helmet)
rElec  .         Dismiss  .     d - +0 cloak (curse)
rCorr  .         Reflect  .     (no gloves)
SustAt .         Harm     .     p - +0 pair of boots (curse)
MR     +....                    n - amulet of regeneration
Stlth  +++.......               I - ring of see invisible
                                C - ring of protection from magic

@: somewhat resistant to hostile enchantments, fairly stealthy
A: yellow scales 1, nightstalker 1, spiny 1
a: Channel Energy, Renounce Religion


You were on level 6 of the Dungeon.
You worshipped Sif Muna.
Sif Muna was aware of your devotion.
You were not hungry.

You visited 2 branches of the dungeon, and saw 7 of its levels.
You also visited: Sewer.

You collected 297 gold pieces.

Inventory:

Hand Weapons
 t - a +1 dagger of venom
 v - a +2 dagger of electrocution (weapon)
Armour
 a - a +0 robe
 d - a cursed +0 cloak (worn)
 p - a cursed +0 pair of boots (worn)
 y - a +1 robe of resistance (worn)
Jewellery
 n - an amulet of regeneration (around neck)
 C - a ring of protection from magic (left hand)
 I - a ring of see invisible (right hand)
Wands
 r - a wand of iceblast (6/15)
 A - a wand of paralysis (10/24)
 E - a wand of enslavement (11/24)
 H - a wand of confusion (24/48)
 O - a wand of polymorph (13/24)
Scrolls
 e - 5 scrolls of teleportation {unknown}
 f - 9 scrolls of identify {unknown}
 k - 2 scrolls of enchant weapon {unknown}
 o - a scroll of remove curse {unknown}
 s - a scroll of fog {unknown}
 w - a scroll of immolation {unknown}
 x - 2 scrolls of magic mapping {unknown}
 D - 2 scrolls of noise {unknown}
 J - a scroll of recharging {unknown}
 P - a scroll of holy word {unknown}
 Q - a scroll of blinking {unknown}
 R - a scroll of fear {unknown}
Potions
 g - 6 potions of curing
 h - 8 potions of heal wounds {unknown}
 j - a potion of brilliance {unknown}
 l - a potion of mutation {unknown}
 m - a potion of cancellation {unknown}
 q - a potion of flight {unknown}
 B - a potion of lignification {unknown}
 F - a potion of berserk rage {unknown}
 K - 5 potions of agility {unknown}
 L - a potion of resistance {unknown}
 N - 2 potions of invisibility {unknown}
Books
 b - a Young Poisoner's Handbook

   Spells                             Type                      Level
   a - Sting                          Conjuration/Poison           1
   b - Cure Poison                    Poison                       2
   c - Mephitic Cloud                 Conjuration/Poison/Air       3
   d - Olgreb's Toxic Radiance        Poison                       4
   e - Venom Bolt                     Conjuration/Poison           5
Comestibles
 c - 8 bread rations
 i - 2 meat rations
 u - a beef jerky
 z - 5 fruits
 G - 2 slices of pizza
 M - 2 chunks of flesh


   Skills:
 - Level 1.7 Dodging
 - Level 1.7 Stealth
 - Level 5.3 Spellcasting
 * Level 3.6 Conjurations
 - Level 2.8 Air Magic
 + Level 9.8 Poison Magic


You had 2 spell levels left.
You knew the following spells:

 Your Spells              Type           Power        Failure   Level  Hunger
a - Sting                 Conj/Pois      ####         1%          1    None
b - Cure Poison           Pois           #####.....   1%          2    None
c - Mephitic Cloud        Conj/Pois/Air  ####....     4%          3    ##.....
d - Olgreb's Toxic Radia  Pois           #####...     1%          4    ####...
e - Venom Bolt            Conj/Pois      ####......   21%         5    #####..


Dungeon Overview and Level Annotations

Branches:
Dungeon (6/15)             Temple (1/1) D:6

Altars:
Dithmenos
Fedhas
Kikubaaqudgha
Nemelex Xobeh
Pakellas
Ru
Sif Muna
Trog
Xom
Zin
The Shining One

Shops:
D:5 *


Innate Abilities, Weirdness & Mutations

You are partially covered in yellow scales (AC +2).
You are slightly more attuned to the shadows.
You are partially covered in sharp spines.


Message History

The green ugly thing is heavily wounded.
You feel very sick.
The green ugly thing is struck by your spines.
The green ugly thing closely misses you.
You hit the green ugly thing but do no damage.
The green ugly thing is heavily wounded.
You feel very sick. The green ugly thing pecks you!
You closely miss the green ugly thing.
The green ugly thing is heavily wounded.
* * * LOW HITPOINT WARNING * * *
You feel sick.
The green ugly thing is struck by your spines.
The green ugly thing pecks you.
* * * LOW HITPOINT WARNING * * *
Drink which item? (? for menu, Esc to quit)
It was a potion of curing.
You feel better.
The green ugly thing is struck by your spines.
The green ugly thing pecks you!
You die...

#...####### # #.# #...# .##
###.# # #...# ..#. ..#.# #
#...# ###.#.##.#.#
####.######### ##.#.#)##.#.#
.###.........# ##.#..#.##.#.#
#.......##.### #.###.#......#
.###.##.##.###.####.#..#.##.###
.....##......#.u@#.###.#....#
####.#####.####$#.#.#.(#.#### #
#.......##.########.#.#
#.#####.......# #...#
####.########.#### #####
#.......# #.### #.......# #...#
#.......# ###.# #.......# #.#


You could see a green ugly thing.

Vanquished Creatures
  The ghost of FrancescoMac the Covert, a novice KoAs of Dithmenos (D:6)
  Eustachio (D:5)
  Menkaure (D:4)
  Edmund (D:4)
  An ice beast (D:6)
  2 ogres (D:4)
  A phantom (D:6)
  A big kobold (Sewer)
  2 scorpions (D:4)
  2 howler monkeys (D:5)
  A giant frog zombie (D:3)
  3 hounds
  A jelly (D:5)
  4 orc wizards (D:4)
  2 iguanas (D:4)
  Natasha (D:2)
  A worker ant (D:5)
  A killer bee zombie (D:5)
  A hound skeleton (D:5)
  A worker ant zombie (D:5)
  2 adders
  5 river rats (Sewer)
  An ooze (D:3)
  4 worms
  3 dart slugs
  7 giant geckos
  17 orcs
  8 bats
  4 giant cockroaches
  11 goblins
  11 hobgoblins
  5 jackals
  3 quokkas
  6 ball pythons (Sewer)
  7 giant newts
  A jackal skeleton (D:4)
  22 kobolds
  28 rats
174 creatures vanquished.

Notes
Turn   | Place    | Note
--------------------------------------------------------------
     0 | D:1      | Oddball22 the Demonspawn Venom Mage began the quest for the Orb.
     0 | D:1      | Reached XP level 1. HP: 13/13 MP: 3/3
   323 | D:1      | Gained mutation: You are slightly more attuned to the shadows. [demonic ancestry]
   323 | D:1      | Reached XP level 2. HP: 14/19 MP: 0/5
  1091 | D:1      | Reached skill level 5 in Poison Magic
  1091 | D:1      | Gained mutation: You are partially covered in sharp spines. [demonic ancestry]
  1091 | D:1      | Reached XP level 3. HP: 20/24 MP: 0/6
  1261 | D:2      | Found a glowing golden altar of the Shining One.
  1373 | D:2      | Noticed Natasha
  1380 | D:2      | Killed Natasha
  1380 | D:2      | Reached XP level 4. HP: 25/30 MP: 4/7
  2331 | D:3      | Reached skill level 6 in Poison Magic
  2345 | D:3      | Learned a level 2 spell: Cure Poison
  2349 | D:3      | Learned a level 3 spell: Mephitic Cloud
  2738 | D:3      | Reached XP level 5. HP: 28/35 MP: 8/8
  2953 | D:4      | Noticed Menkaure
  2959 | D:4      | Killed Menkaure
  2959 | D:4      | Reached skill level 7 in Poison Magic
  2959 | D:4      | Gained mutation: You are partially covered in yellow scales (AC +2). [demonic ancestry]
  2959 | D:4      | Reached XP level 6. HP: 30/41 MP: 9/9
  3070 | D:4      | Reached skill level 8 in Poison Magic
  3096 | D:4      | Noticed Edmund
  3122 | D:4      | Killed Edmund
  3122 | D:4      | Reached XP level 7. HP: 13/46 MP: 10/10
  3226 | D:4      | Reached skill level 9 in Poison Magic
  3303 | D:4      | Learned a level 4 spell: Olgreb's Toxic Radiance
  3482 | D:4      | Found a sparkling altar of Nemelex Xobeh.
  3667 | D:5      | Entered Level 5 of the Dungeon
  3770 | D:5      | Noticed Eustachio
  3804 | D:5      | Killed Eustachio
  3804 | D:5      | Reached skill level 1 in Conjurations
  3804 | D:5      | Reached skill level 1 in Air Magic
  3804 | D:5      | Reached XP level 8. HP: 37/52 MP: 9/12
  3877 | D:5      | Found an oddly glowing altar of Pakellas.
  4182 | D:5      | Found a shimmering altar of Xom.
  4182 | D:5      | Found a glowing silver altar of Zin.
  4182 | D:5      | Noticed an angel
  4323 | D:5      | Found Hayset's General Store.
  4413 | D:6      | Found a staircase to the Ecumenical Temple.
  4443 | Temple   | Entered the Ecumenical Temple
  4571 | Temple   | Became a worshipper of Sif Muna the Loreminder
  4777 | D:6      | Found a glowing drain.
  4792 | Sewer    | Entered a sewer
  4796 | Sewer    | Upgraded the game from 0.18-a0-1535-g243bd92 to 0.18-a0-1542-g9c1a92e
  5368 | D:6      | Found a sacrificial altar of Ru.
  5438 | D:6      | Reached * piety under Sif Muna
  5565 | D:6      | Noticed FrancescoMac's ghost (novice KoAs)
  5576 | D:6      | Killed FrancescoMac's ghost
  5576 | D:6      | Reached skill level 5 in Spellcasting
  5589 | D:6      | Learned a level 5 spell: Venom Bolt
  5603 | D:6      | Noticed a green ugly thing
  5611 | D:6      | Slain by a green ugly thing

Vault maps used:
D:1:      minmay_arrival_three_doors, hangedman_abyss_or_decor_stabs,
          st_stairs_7, minmay_vboxes
D:2:      old_standard_altar, minmay_goblin_outpost, uniq_natasha
D:3:      first_bread, grunt_decor_cap
D:4:      marbit_many_paths, uniq_menkaure, uniq_edmund
D:5:      grunt_temple_overflow_order_and_chaos_1, serial_shops, shop,
          corner_web_ring, johnstein_pakellas_death_squad, uniq_eustachio
D:6:      overflow_temple_1_default, temple_fountains, gup_sewer_entry_bubbles,
          solitary_fountain, minmay_small_thing
Temple:   hc_temple_tempest_star
Sewer:    sewer_minmay_treatment

Skill      XL: |  1  2  3  4  5  6  7  8 |
---------------+-------------------------+-----
Poison Magic   | 5 6 7 8 9 |  9.8
Conjurations   | 1 3 |  3.6
Air Magic      | 1 2 |  2.8
Spellcasting   | 5 |  5.3
Dodging        | |  1.7
Stealth        | |  1.7

Action                   |  1- 3 |  4- 6 |  7- 9 || total
-------------------------+-------+-------+-------++-------
Melee: Unarmed           |    83 |    28 |       ||   111
       Dagger            |       |    77 |   220 ||   297
 Cast: Sting             |    40 |     8 |    11 ||    59
       Cure Poison       |       |       |     1 ||     1
       Mephitic Cloud    |       |       |     1 ||     1
  Use: Potion            |       |       |     1 ||     1
 Stab: Sleeping          |     3 |    10 |    14 ||    27
  Eat: Chunk             |     2 |     6 |     8 ||    16
